 Dungeon Crawl Stone Soup version 0.28-a0-691-gad6df49e81 (webtiles) character file.

Game seed: 15928781373855352250

13445 ytrimaz the Severer (level 11, -4/102 HPs)
             Began as a Minotaur Berserker on Oct 20, 2021.
             Was a High Priest of Trog.
             Slain by a skeletal warrior (27 damage)
             ... led by a skeletal warrior
             ... on level 11 of the Dungeon.
             The game lasted 00:22:27 (10270 turns).

ytrimaz the Severer (Minotaur Berserker)           Turns: 10270, Time: 00:22:27

Health: -4/102     AC: 18    Str: 24    XL:     11   Next: 75%
Magic:  10/10      EV:  8    Int:  4    God:    Trog [*****.]
Gold:   774        SH:  0    Dex: 14    Spells: 10/10 levels left

rFire   . . .      SeeInvis +   A - +4 executioner's axe (vorpal)
rCold   . . .      Faith    .   (shield currently unavailable)
rNeg    . . .      Spirit   .   c - +0 plate armour
rPois   .          Reflect  .   a - +1 hat
rElec   .          Harm     .   (no cloak)
rCorr   +          Rampage  .   n - +0 pair of gloves
Will    .....                   (no boots)
Stlth   ..........              x - amulet of regeneration
HPRegen 1.27/turn               e - ring of see invisible
MPRegen 0.12/turn               G - ring of Xom's Envy {rCorr Dex+3}

@: studying 2 skills
A: horns 2, retaliatory headbutt
a: Renounce Religion, Berserk, Trog's Hand, Brothers in Arms


You were on level 11 of the Dungeon.
You worshipped Trog.
Trog was extremely pleased with you.
You visited 1 branch of the dungeon, and saw 11 of its levels.
You also visited: Sewer and Bailey.

You collected 774 gold pieces.

Inventory:

Hand Weapons
 d - a +3 battleaxe of flaming
 l - a +0 vampiric battleaxe
 t - a +1 hand axe of electrocution
 A - a +4 vorpal executioner's axe (weapon)
 L - a +4 great mace of flaming
 M - a +0 war axe
Missiles
 F - a throwing net (quivered)
Armour
 a - a +1 hat (worn)
 c - a +0 plate armour (worn)
 n - a +0 pair of gloves (worn)
 y - a +0 buckler of protection
 H - the +1 ring mail "Loniorr" {Fly Will+ Str+3 Int+4}
   (You took it off a gnoll sergeant on level 7 of the Dungeon)

   Str:       It affects your strength (+3).
   Int:       It affects your intelligence (+4).
   Fly:       It grants you flight.
   Will:      It increases your willpower.
Jewellery
 e - a ring of see invisible (left hand)
 m - a ring of willpower
 w - a +4 ring of evasion
 x - an amulet of regeneration (around neck)
 G - the ring of Xom's Envy (right hand) {rCorr Dex+3}
   (You took it off a gnoll on level 7 of the Dungeon)

   [ring of resist corrosion]

   Dex:       It affects your dexterity (+3).
   rCorr:     It protects you from acid and corrosion.
 I - a +6 ring of dexterity
Wands
 p - a wand of iceblast (32)
 v - a wand of flame (26)
 C - a wand of polymorph (26)
 J - a wand of digging (6)
 K - a wand of acid (9)
 N - a wand of mindburst (4)
Scrolls
 j - 4 scrolls of fear
 q - 4 scrolls of blinking
 B - a scroll of teleportation
 D - a scroll of fog
 P - a scroll of brand weapon
Potions
 b - 2 potions of curing
 f - 2 potions of berserk rage
 g - 4 potions of attraction
 h - 2 potions of heal wounds
 i - 3 potions of magic
 k - 2 potions of might {unknown}
 o - 2 potions of invisibility {unknown}
 r - a potion of cancellation {unknown}
 s - 3 potions of haste
 u - 2 potions of mutation {unknown}
 z - 2 potions of flight {unknown}
 E - 3 potions of lignification
 O - a potion of degeneration {unknown}


   Skills:
 * Level 11.1 Fighting
 * Level 18.0 Axes
 + Level 12.7 Armour
 - Level 2.1 Dodging
 - Level 4.0 Shields
 - Level 3.8 Evocations


You had 10 spell levels left.
You didn't know any spells.
Your spell library was empty.

Dungeon Overview and Level Annotations

Branches:
Dungeon (11/15)            Temple (0/1) D:5            Lair (0/6) D:9
    Orc (0/2) D:10          Sewer (visited)          Bailey (visited)

Altars:
Ashenzari
Cheibriados
Dithmenos
Elyvilon
Gozag
Kikubaaqudgha
Makhleb
Nemelex Xobeh
Okawaru
Uskayaw
Yredelemnul
Zin

Shops:
D:10 =

Annotations:
D:3 2 transporters
D:11 3 runed translucent doors, a11behringer's ghost, journeyman GrBe


Innate Abilities, Weirdness & Mutations

You have a pair of horns on your head.
You reflexively headbutt those who attack you in melee.


Message History

Found a stone staircase leading up.
There is an open door here.
P - a scroll of brand weapon As you open the door, it creaks loudly! 2 skeletal warriors come into view.
You hear a bellow! x4
A yak comes into view. x2
A skeletal warrior comes into view. It is wielding a +0 flail.
There are monsters nearby!
There are monsters nearby!
Unknown command. 2 yaks come into view.
The yak bellows! x2
A yak comes into view.
The skeletal warrior hits you with a +0 flail!
There is an open door here.
Unknown command.
You slice the skeletal warrior!! You headbutt the skeletal warrior.
The skeletal warrior is heavily damaged.
You hit the skeletal warrior but do no damage.
The skeletal warrior hits you from afar with a +0 glaive.
The skeletal warrior hits you but does no damage.
The skeletal warrior hits you with a +0 flail!
Unknown command.
You chop the skeletal warrior into pieces!!!
You destroy the skeletal warrior!
Trog accepts your kill.
You barely miss the skeletal warrior.
The skeletal warrior hits you from afar with a +0 glaive!
The skeletal warrior hits you with a +0 flail!
Your Fighting skill increases to level 11!
Your Axes skill increases to level 18!
You slice the skeletal warrior!!
The skeletal warrior is heavily damaged.
The skeletal warrior hits you from afar with a +0 glaive!!
The skeletal warrior hits you with a +0 flail!
* * * LOW HITPOINT WARNING * * *
Unknown command.
The skeletal warrior hits you from afar with a +0 glaive!!
You die...

#.....# #.....#
########.....# .....#
#............# .....#
.#............# .....#
.#....#####...####.....#
.#....# #......#.....#
.#....# #......#.....#
.####.# #.....@#.....##
....#.# #......zz......
....#.# #......#YY.....
....#.# #......#.Y.....
...##.# ###......###Y....
...#..###..........#.....
...'...............# ....
...#...............# ...
...#...............# ...


You could see 2 skeletal warriors and 4 yaks.

Vanquished Creatures
  Gastronok (D:8)
  A boulder beetle (D:10)
  Erica (D:8)
  A skeletal warrior (D:11)
  An orc knight (Bailey)
  A deep elf pyromancer (D:11)
  A cyclops (D:11)
  An ugly thing (D:9)
  A water nymph (shapeshifter) (D:10)
  A komodo dragon (D:9)
  A troll (D:10)
  A hornet (D:7)
  A wraith (D:10)
  5 yaks
  A two-headed ogre zombie (D:10)
  Edmund (D:4)
  3 water moccasins
  A sky beast (D:6)
  11 orc warriors
  A black bear (D:9)
  A necrophage (D:4)
  2 ogres (D:5)
  3 centaurs
  3 kobold brigands
  3 phantoms
  8 bullfrogs
  2 gnoll sergeants
  6 scorpions
  A wyvern skeleton (D:6)
  3 troll zombies (D:10)
  8 killer bees
  7 wights
  3 howler monkeys
  3 bullfrog skeletons (D:5)
  A bullfrog zombie (D:5)
  3 centaur zombies
  2 hounds
  3 jellies
  2 gnoll shamans
  5 orc priests
  Ijyb (D:4)
  6 iguanas
  6 orc wizards
  A killer bee zombie (D:4)
  4 ogre zombies (D:10)
  A hound zombie (D:5)
  13 gnolls
  16 adders
  5 river rats
  2 white imps
  2 ufetubi (D:5)
  2 worms (D:3)
  An adder skeleton (D:4)
  2 dart slugs
  37 orcs
  6 endoplasms
  A giant cockroach (D:3)
  8 goblins
  7 hobgoblins
  4 jackals (D:3)
  4 quokkas
  15 ball pythons
  9 bats
  7 frilled lizards
  2 goblin skeletons (D:10)
  3 goblin zombies (D:10)
  2 hobgoblin zombies (D:10)
  12 kobolds
  An orc skeleton (D:10)
  16 orc zombies (D:10)
  32 rats
333 creatures vanquished.

Vanquished Creatures (collateral kills)
  The ghost of scottley the Carver, a novice DrBe of Trog (D:7)
  2 orc warriors (Bailey)
  3 gnoll sergeants (D:7)
  3 gnolls (D:7)
  2 orcs (Bailey)
11 creatures vanquished.

Vanquished Creatures (others)
  26 fungi (D:9)
  44 plants
70 creatures vanquished.

Grand Total: 414 creatures vanquished

Notes
Turn   | Place    | Note
-------+----------+-------------------------------------------
     0 | D:1      | ytrimaz the Minotaur Berserker began the quest for the Orb.
     0 | D:1      | Reached XP level 1. HP: 19/19 MP: 0/0
   364 | D:1      | Reached skill level 4 in Axes
   364 | D:1      | Reached XP level 2. HP: 27/27 MP: 1/1
  1027 | D:2      | Reached ** piety under Trog
  1033 | D:2      | Reached XP level 3. HP: 28/33 MP: 2/2
  1272 | D:2      | Identified a scroll of acquirement
  1272 | D:2      | Acquired a +2 battleaxe of flaming
  1336 | D:2      | Found a faded altar of an unknown god.
  1364 | D:2      | Reached XP level 4. HP: 41/41 MP: 3/3
  1435 | D:2      | Reached skill level 5 in Axes
  1747 | D:3      | Found a transporter.
  1760 | D:3      | Found a transporter.
  1953 | D:3      | Reached XP level 5. HP: 47/47 MP: 4/4
  2049 | D:3      | Reached *** piety under Trog
  2061 | D:3      | Found a glowing drain.
  2066 | Sewer    | Entered a sewer
  2112 | Sewer    | Reached skill level 6 in Axes
  2305 | Sewer    | Reached **** piety under Trog
  2512 | Sewer    | Reached XP level 6. HP: 36/53 MP: 5/5
  2522 | Sewer    | Reached skill level 7 in Axes
  3177 | D:4      | Reached skill level 5 in Fighting
  3177 | D:4      | Reached skill level 5 in Armour
  3279 | D:4      | Found a hide-covered altar of Uskayaw.
  3280 | D:4      | Noticed Ijyb
  3284 | D:4      | Reached XP level 7. HP: 61/61 MP: 6/6
  3294 | D:4      | Killed Ijyb
  3321 | D:4      | Noticed Edmund
  3337 | D:4      | Killed Edmund
  3338 | D:4      | Reached skill level 8 in Axes
  3970 | D:5      | Entered Level 5 of the Dungeon
  4023 | D:5      | Reached skill level 9 in Axes
  4107 | D:5      | Found a snail-covered altar of Cheibriados.
  4170 | D:5      | Reached XP level 8. HP: 50/69 MP: 7/7
  4309 | D:5      | Reached ***** piety under Trog
  4685 | D:5      | Found a staircase to the Ecumenical Temple.
  4929 | D:5      | Reached skill level 1 in Evocations
  4944 | D:5      | Reached skill level 10 in Axes
  5417 | D:6      | Reached XP level 9. HP: 17/75 MP: 8/8
  5425 | D:6      | Reached skill level 11 in Axes
  6329 | D:7      | Identified the +1 ring mail "Loniorr" {Fly Will+ Str+3
                  | Int+4}
  6581 | D:7      | Identified the ring of Xom's Envy {rCorr Dex+3}
  6583 | D:7      | Noticed scottley's ghost (novice DrBe)
  6599 | D:7      | Found a transporter.
  6599 | D:7      | Found a transporter.
  7060 | D:7      | Killed scottley's ghost
  7061 | D:7      | Reached skill level 12 in Axes
  7420 | D:8      | Noticed Erica
  7420 | D:8      | Noticed Gastronok
  7434 | D:8      | Killed Erica
  7435 | D:8      | Reached skill level 13 in Axes
  7435 | D:8      | Reached skill level 10 in Armour
  7435 | D:8      | Reached XP level 10. HP: 70/84 MP: 9/9
  7439 | D:8      | Killed Gastronok
  7440 | D:8      | Reached skill level 14 in Axes
  7991 | D:9      | Found a basalt altar of Yredelemnul.
  7996 | D:9      | Noticed a brown ugly thing
  8012 | D:9      | Killed a brown ugly thing
  8013 | D:9      | Reached skill level 15 in Axes
  8151 | D:9      | Found a shadowy altar of Dithmenos.
  8165 | D:9      | Identified the +2 robe of the Cockroach {rElec}
  8179 | D:9      | Reached skill level 1 in Shields
  8288 | D:9      | Received a gift from Trog
  8292 | D:9      | Reached skill level 16 in Axes
  8300 | D:9      | Found a staircase to the Lair.
  8322 | D:9      | Reached XP level 11. HP: 46/93 MP: 10/10
  8607 | D:10     | Entered Level 10 of the Dungeon
  8643 | D:10     | Found a flagged portal.
  8658 | Bailey   | Entered a bailey
  9084 | Bailey   | Noticed an orc knight
  9090 | Bailey   | Killed an orc knight
  9133 | D:10     | Acquired a +0 buckler of protection
  9166 | D:10     | Found Osynwad's Jewellery Shop.
  9266 | D:10     | Found a glowing silver altar of Zin.
  9391 | D:10     | Found a staircase to the Orcish Mines.
  9544 | D:10     | Reached skill level 17 in Axes
  9611 | D:10     | Found an ancient bone altar of Kikubaaqudgha.
  9613 | D:10     | Found a sparkling altar of Nemelex Xobeh.
  9614 | D:10     | Found a white marble altar of Elyvilon.
  9614 | D:10     | Found a broken altar of Ashenzari.
  9615 | D:10     | Found a burning altar of Makhleb.
  9617 | D:10     | Found an opulent altar of Gozag.
  9618 | D:10     | Found an iron altar of Okawaru.
  9671 | D:10     | Noticed a boulder beetle
  9696 | D:10     | Killed a boulder beetle
  9883 | D:11     | Received a gift from Trog
  9897 | D:11     | Noticed a deep elf pyromancer
  9910 | D:11     | Killed a deep elf pyromancer
  9911 | D:11     | Reached skill level 10 in Fighting
 10078 | D:11     | Noticed a11behringer's ghost (journeyman GrBe)
 10108 | D:11     | Found a runed translucent gate.
 10108 | D:11     | Found a runed translucent gate.
 10108 | D:11     | Found a runed translucent gate.
 10265 | D:11     | Noticed a skeletal warrior
 10265 | D:11     | Noticed a skeletal warrior
 10265 | D:11     | Noticed a skeletal warrior
 10268 | D:11     | Killed a skeletal warrior
 10269 | D:11     | Reached skill level 18 in Axes
 10270 | D:11     | Slain by a skeletal warrior

Illustrated notes

Levels and vault maps discovered:
D:1:      beargit_arrival_greenhouse, layout_rooms, serial_forest,
          infiniplex_forest_clump_curved, infiniplex_forest_lined_3,
          infiniplex_forest_clump_curved, infiniplex_forest_corner_1,
          infiniplex_forest_straight_3, infiniplex_forest_corner_1,
          infiniplex_forest_corner_1
D:2:      layout_loops_cross, shapermc_ecumenical_altar_pompeii
D:3:      gammafunk_wand_slinger, layout_basic, portal_sewer_entry_e
D:4:      layout_loops_ring, nicolae_uskayaw_dance_hall, uniq_ijyb, uniq_edmund
D:5:      minmay_clustersquares, layout_basic,
          mainiacjoe_overflow_cross_hatched, minmay_temple_entry_waves,
          minmay_lizard_king
D:6:      layout_basic
D:7:      layout_basic, gammafunk_ghost_gnarly_gnolls,
          minmay_misc_feat_ornament, minmay_holes
D:8:      layout_cave_pools, uniq_erica, uniq_gastronok
D:9:      layout_rooms, yredelemnul_altar_generic, amcnicky_altar_gilded,
          due_lair_maze_entry_diamond
D:10:     layout_basic, minitemple, zombieorc2_lemuel, enter_bailey_2,
          amcnicky_mini_rare_corridor_liquid, serial_park_tiny_pond,
          minmay_shop_grid_forest, kennysheep_just_a_vault
D:11:     layout_irregular_city, gammafunk_ghost_icy, minmay_protected_statue

Skill      XL: |  1  2  3  4  5  6  7  8  9 10 11 |
---------------+----------------------------------+-----
Axes           | 4 5 6 7 9 10 13 16 18 | 18.0
Fighting       | 4 5 6 7 11 | 11.1
Armour         | 3 4 5 6 8 10 11 12 | 12.7
Evocations     | 2 3 |  3.8
Shields        | 1 4 |  4.0
Dodging        | |  2.1

Action                   |  1- 3 |  4- 6 |  7- 9 | 10-12 || total
-------------------------+-------+-------+-------+-------++-------
Melee: Hand axe          |    76 |       |       |    68 ||   144
       Headbutt          |    15 |    18 |    51 |    84 ||   168
       Battleaxe         |     4 |   149 |   249 |    31 ||   433
       War axe           |       |       |       |   197 ||   197
       Executioner's axe |       |       |       |    10 ||    10
Invok: Berserk           |     1 |     2 |     4 |     4 ||    11
       Trog's Hand       |       |       |     1 |     1 ||     2
       Brothers in Arms  |       |       |     1 |     1 ||     2
Evoke: Wand              |       |       |       |     5 ||     5
  Use: Scroll            |     3 |     7 |     6 |     6 ||    22
       Potion            |       |       |     3 |       ||     3
Armor: Plate armour      |    84 |   162 |   166 |   202 ||   614
       Animal skin       |     4 |       |       |       ||     4
       Ring mail         |       |       |     9 |     9 ||    18
Dodge: Dodged            |    35 |    94 |   101 |   163 ||   393
Block: Buckler           |       |       |       |    72 ||    72

Table legend: (Time is in decaauts)
 A = Elapsed time spent in this place.
 B = Non-inter-level travel time spent in this place.
 C = Inter-level travel time spent in this place.
 D = Time resting spent in this place.
 E = Time spent auto-exploring this place.
 F = Levels seen in this place.
 G = Mean time per level.
                   A        B        C        D        E       F      G
               +--------+--------+--------+--------+--------+-----+--------+
         Total |  10465 |   9958 |    507 |    686 |   6453 |  13 |  805.0 |
       Dungeon |   9182 |   8675 |    507 |    335 |   6107 |  11 |  834.7 |
         Sewer |    828 |    828 |      0 |    258 |    345 |   1 |  828.0 |
        Bailey |    454 |    454 |      0 |     93 |      0 |   1 |  454.0 |
               +--------+--------+--------+--------+--------+-----+--------+

Top non-repeatable levels by time:
     D:5: 1400 daAuts
     D:7: 1178 daAuts
     D:1: 993 daAuts
     D:6: 856 daAuts
     D:4: 846 daAuts
   Sewer: 828 daAuts
    D:10: 822 daAuts
     D:3: 747 daAuts
     D:2: 711 daAuts
     D:8: 652 daAuts
     D:9: 621 daAuts
  Bailey: 454 daAuts
    D:11: 352 daAuts
